 Dungeon Crawl Stone Soup version 0.17.1-3-g152610e (webtiles) character file.

183 Goblin1989 the Chopper (level 5, -3/42 HPs)
             Began as a Hill Orc Gladiator on Mar 11, 2016.
             Was a Follower of Qazlal.
             Slain by an ogre
             ... wielding a +0 giant club
              (17 damage)
             ... on level 2 of the Dungeon.
             The game lasted 00:08:10 (2775 turns).

Goblin1989 the Chopper (Hill Orc Gladiator)         Turns: 2775, Time: 00:08:11

Health: -3/42      AC:  7    Str: 18    XL:     5   Next: 62%
Magic:  6/6        EV: 10    Int:  9    God:    Qazlal [*.....]
Gold:   116        SH:  1    Dex: 11    Spells: 0 memorised, 4 levels left

rFire  . . .     SeeInvis .     a - +1 war axe
rCold  . . .     Clarity  .     p - +0 scale mail
rNeg   . . .     SustAt   .     (no shield)
rPois  .         Gourm    .     c - +0 helmet
rElec  .         Spirit   .     (no cloak)
rCorr  .         Warding  .     (no gloves)
rMut   .         Stasis   .     (no boots)
MR     .....                    (no amulet)
Stlth  +.........               (no ring)
                                h - ring of stealth

@: not resistant to hostile enchantments, very unstealthy
A: no striking features
a: Renounce Religion


You were on level 2 of the Dungeon.
You worshipped Qazlal.
Qazlal was aware of your devotion.
You were not hungry.

You visited 1 branch of the dungeon, and saw 3 of its levels.

You collected 116 gold pieces.

Inventory:

Hand Weapons
 a - a +1 war axe (weapon)
Missiles
 d - 3 throwing nets (quivered)
Armour
 c - a +0 helmet (worn)
 p - a +0 scale mail (worn)
Jewellery
 h - a ring of stealth (left hand)
Scrolls
 b - 2 scrolls of remove curse
 k - 6 scrolls of identify
 n - 2 scrolls of enchant weapon
 q - 2 scrolls of noise {unknown}
Potions
 f - a potion of might
 g - a potion of invisibility {unknown}
 i - a potion of mutation {unknown}
 j - a potion of heal wounds {unknown}
 l - 5 potions of curing {unknown}
 o - 2 potions of haste {unknown}
Comestibles
 e - 5 bread rations
 m - 5 beef jerkies
 r - a meat ration


   Skills:
 - Level 2.4 Fighting
 * Level 7.2 Axes
 - Level 1.7 Throwing
 + Level 2.1 Armour
 - Level 2.4 Dodging
 + Level 1.6 Invocations


You had 4 spell levels left.
You didn't know any spells.

Dungeon Overview and Level Annotations

Branches:
Dungeon (3/15)

Altars:
Ashenzari
Qazlal


Message History

Unknown command.
You climb downwards.
The ogre hits you with a giant club!
There is a stone staircase leading up here.
The ogre barely misses you. The gnoll hits you but does no damage.
You climb upwards.
There is a stone staircase leading down here.
You hit the ogre.
The ogre is moderately wounded.
The ogre hits you with a giant club.
You hit the ogre.
The ogre is moderately wounded.
The ogre hits you with a giant club!
You slash the ogre!
The ogre is heavily wounded.
The ogre barely misses you.
Unknown command.
You hit the ogre.
The ogre is severely wounded.
The ogre hits you with a giant club!
You die...

.................#
.................#
....(......###.#.#
##.........# #.#.#
##.........# #)#.#
########### #...#
##..# #..# #O@#
##?# #.# #.# #.#
#####.# #.....#
#.##### #.#


You could see an ogre.

Vanquished Creatures
  Ijyb (D:3)
  2 gnolls
  3 adders
  4 oozes
  2 worms
  2 orcs (D:3)
  5 bats
  4 giant cockroaches
  9 goblins
  15 hobgoblins
  8 jackals
  9 kobolds
  4 giant newts
  12 rats
80 creatures vanquished.

Notes
Turn   | Place    | Note
--------------------------------------------------------------
     0 | D:1      | Goblin1989 the Hill Orc Gladiator began the quest for the Orb.
     0 | D:1      | Reached XP level 1. HP: 18/18 MP: 1/1
    72 | D:1      | Reached XP level 2. HP: 22/25 MP: 2/2
   135 | D:1      | Reached skill level 5 in Axes
   341 | D:1      | Reached XP level 3. HP: 25/30 MP: 3/3
  1035 | D:2      | Found a stormy altar of Qazlal.
  1035 | D:2      | Found a shattered altar of Ashenzari.
  1045 | D:2      | Became a worshipper of Qazlal Stormbringer
  1131 | D:2      | Reached skill level 6 in Axes
  1279 | D:2      | Reached XP level 4. HP: 18/37 MP: 4/4
  1458 | D:2      | Reached skill level 1 in Invocations
  1600 | D:2      | Reached skill level 1 in Armour
  1752 | D:3      | Reached * piety under Qazlal
  1965 | D:3      | Noticed Ijyb
  1967 | D:3      | Reached XP level 5. HP: 36/42 MP: 6/6
  1972 | D:3      | Killed Ijyb
  2040 | D:3      | Reached skill level 7 in Axes
  2051 | D:3      | Found a faded altar to an unknown god.
  2474 | D:3      | Noticed an ogre
  2775 | D:2      | Slain by an ogre

Action                   |  1- 3 |  4- 6 || total
-------------------------+-------+-------++-------
Melee: War axe           |   126 |    96 ||   222
  Use: Scroll            |     3 |     1 ||     4
 Stab: Sleeping          |     1 |       ||     1
  Eat: Chunk             |       |     6 ||     6
